AoeStats
← chewie1706

Arena

509710382Analyzed
4v4 RM · 3d ago on Sep 27, 2026· 42m 29s· 8 players
Game mode
Random Map
Map size
Large (8 player)
Population
200
Speed
Normal
Resources
Standard
Victory
Conquest
Starting age
Dark Age
Ending age
Imperial Age
RankedLock teamsTeams togetherTeam positionsShared explorationLock speedFull tech treeHidden civsTurbo modeCheats
Victory
Defeat
🇫🇷 Romans · France
1748
+8
🇫🇷 Teutons · France
1532
+16
🇫🇷 Spanish · France
1420
+20
🇫🇷 Persians · France
1362
+22
🇨🇴 Varangians · Colombia
1564
-18
🇹🇷 Turks · Türkiye
1530
-17
🇺🇸 Italians · United States
1524
-16
🇹🇷 Cumans · Türkiye
1490
-15
Bzm_JöNTüRK
Ux'LeonzAoe
10:28 Feudal Age
11:41 Loom
15:08 Castle Age
13:01 Double-Bit Axe
13:14 Horse Collar
14:08 Bloodlines
15:59 Forging
16:00 Husbandry
16:12 Bow Saw
17:58 Padded Archer Armor
18:08 Scale Barding Armor
21:09 Iron Casting
22:10 Chain Barding Armor
22:18 Heavy Plow
26:23 Wheelbarrow
27:38 Fervor
33:20 Imperial Age
31:15 Scale Mail Armor
31:18 Squires
31:03 Arson
31:11 Gambesons
32:45 Chain Mail Armor
33:11 Hand Cart
32:35 Pikeman
33:32 Halberdier
35:34 Plate Mail Armor
36:27 Fortified Wall
37:29 Blast Furnace
39:26 Conscription
41:01 Chemistry
Anatoly
10:49 Loom
22:47 Feudal Age
23:03 Man-at-Arms
28:03 Castle Age
29:38 Double-Bit Axe
30:42 Fletching
trollano
11:57 Feudal Age
15:53 Castle Age
14:58 Double-Bit Axe
14:54 Horse Collar
16:29 Loom
21:42 Imperial Age
19:33 Fletching
20:50 Bodkin Arrow
23:31 Chemistry
24:50 Bracer
26:47 Padded Archer Armor
27:50 Ballistics
28:17 Leather Archer Armor
34:56 Fortified Wall
AGS.Shirar
10:50 Feudal Age
14:22 Castle Age
12:35 Double-Bit Axe
12:34 Horse Collar
20:41 Bow Saw
20:46 Heavy Plow
22:41 Gold Mining
22:42 Stone Mining
22:39 Loom
23:31 Wheelbarrow
28:56 Imperial Age
26:39 Scale Barding Armor
26:45 Forging
27:52 Chain Barding Armor
28:19 Bloodlines
28:10 Husbandry
28:49 Iron Casting
29:49 Plate Barding Armor
28:37 Cavalier
30:05 Savar
32:38 Blast Furnace
34:28 Capped Ram
40:55 Spies/Treason
chewie1706
5:42 Loom
8:48 Feudal Age
9:45 Double-Bit Axe
10:11 Fletching
16:00 Horse Collar
21:26 Wheelbarrow
20:37 Town Watch
25:13 Castle Age
24:19 Stone Mining
25:52 Bodkin Arrow
29:18 Heavy Plow
29:31 Bow Saw
33:17 Imperial Age
32:12 Gold Mining
34:17 Scale Mail Armor
37:40 Conscription
37:38 Chain Mail Armor
38:54 Stone Shaft Mining
40:19 Forging
41:40 Iron Casting
41:37 Arson
41:52 Squires
AGS.Eratuss
10:17 Feudal Age
11:32 Horse Collar
14:21 Castle Age
12:26 Double-Bit Axe
15:54 Bow Saw
19:05 Wheelbarrow
18:24 Town Watch
18:25 Loom
20:15 Heavy Plow
22:32 Stone Mining
23:21 Hand Cart
23:26 Gold Mining
24:53 Fortified Wall
29:02 Imperial Age
27:30 Scale Barding Armor
27:25 Scale Mail Armor
28:08 Bloodlines
28:08 Husbandry
29:05 Chain Barding Armor
29:52 Forging
29:18 Cavalier
30:45 Plate Barding Armor
31:53 Comitatenses
32:58 Iron Casting
31:57 Capped Ram
34:43 Blast Furnace
33:30 Siege Ram
37:40 Conscription
37:13 Fletching
38:01 Squires
37:21 Man-at-Arms
38:02 Scale Mail Armor
38:26 Redemption
38:54 Gold Shaft Mining
38:50 Crop Rotation
38:32 Pikeman
38:32 Long Swordsman
38:34 Elite Skirmisher
38:36 Light Cavalry
38:37 Heavy Scorpion
39:23 Caravan
39:26 Padded Archer Armor
39:22 Bodkin Arrow
39:29 Town Patrol
39:43 Masonry
39:38 Siege Engineers
39:21 Crossbowman
39:24 Halberdier
40:40 Coinage
40:20 Guilds
40:33 Ballistics
41:13 Chemistry
40:31 Block Printing
40:26 Fervor
40:34 Ballistas
40:01 Sappers
40:15 Legionary
41:12 Devotion
41:36 Chain Mail Armor
41:37 Leather Archer Armor
41:17 Heavy Cavalry Archer
42:13 Atonement
42:47 Architecture
42:55 Illumination
42:37 Guard Tower
42:45 Murder Holes
43:03 Careening
43:05 Clinker Construction
AGS.Sylvatica
10:41 Feudal Age
14:22 Castle Age
12:23 Double-Bit Axe
12:44 Horse Collar
17:25 Padded Archer Armor
22:58 Bloodlines
23:02 Loom
24:28 Husbandry
29:03 Masonry
31:04 Town Watch
35:41 Wheelbarrow
35:44 Town Watch
42:38 Imperial Age
40:49 Hand Cart
Connection lost

Rejoining the realm…

Still unreachable

The connection could not be restored.

Session expired

The server has moved on; the page needs a fresh start.